 Dungeon Crawl Stone Soup version 0.17.1-3-g152610e (webtiles) character file.

237 MrTails the Shield-Bearer (level 6, -1/39 HPs)
             Began as a Gargoyle Fighter on Feb 24, 2016.
             Slain by an ogre
             ... wielding a +0 giant club
              (18 damage)
             ... on level 4 of the Dungeon.
             The game lasted 00:04:41 (2519 turns).

MrTails the Shield-Bearer (Gargoyle Fighter)        Turns: 2519, Time: 00:04:41

Health: -1/39      AC: 14    Str: 22    XL:     6   Next: 6%
Magic:  6/6        EV:  7    Int:  8    God:
Gold:   96         SH:  9    Dex:  9    Spells: 0 memorised, 5 levels left

rFire  . . .     SeeInvis .     a - +0 war axe
rCold  . . .     Clarity  .     b - +1 scale mail
rNeg   + . .     SustAt   .     c - +0 shield
rPois  ∞         Gourm    .     j - +0 helmet
rElec  +         Spirit   .     (no cloak)
rCorr  .         Warding  .     (no gloves)
rMut   .         Stasis   +     C - +0 pair of boots
MR     .....                    t - amulet of stasis
Stlth  ..........               (no ring)
                                (no ring)

@: not resistant to hostile enchantments, extremely unstealthy
A: negative energy resistance 1, electricity resistance, unbreathing,
petrification resistance, rot immunity, AC +4
a: no special abilities


You were on level 4 of the Dungeon.
You were hungry.

You visited 1 branch of the dungeon, and saw 4 of its levels.

You collected 96 gold pieces.

Inventory:

Hand Weapons
 a - a +0 war axe (weapon)
Armour
 b - a +1 scale mail (worn)
 c - a +0 shield (worn)
 j - a +0 helmet (worn)
 v - a -2 ring mail
 C - a +0 pair of boots (worn)
Jewellery
 t - an amulet of stasis (around neck)
 z - an uncursed ring of magical power {unknown}
Wands
 A - a wand of slowing (17)
Scrolls
 i - a scroll of random uselessness {unknown}
 m - a scroll of enchant weapon {unknown}
 r - a scroll of teleportation
 u - 2 scrolls of identify
 w - a scroll of remove curse
 x - a scroll of fear
 y - a scroll of magic mapping
Potions
 d - 3 potions of might
 f - a potion of agility {unknown}
 k - a potion of lignification {unknown}
 o - 2 potions of haste {unknown}
 p - a potion of poison {unknown}
 q - a potion of mutation {unknown}
 s - a potion of curing {unknown}
Books
 B - a book of the Dragon

   Spells                             Type                      Level
   a - Flame Tongue                   Conjuration/Fire             1
   b - Cause Fear                     Hexes                        4
   c - Bolt of Fire                   Conjuration/Fire             6
   d - Dragon Form                    Transmutation                7
   e - Dragon's Call                  Summoning                    9
Comestibles
 e - 3 bread rations
 g - 2 meat rations
 h - a royal jelly
 l - a beef jerky
 n - 3 fruits


   Skills:
 + Level 4.5 Fighting
 * Level 3.2 Axes
 + Level 4.1 Armour
 - Level 0.1 Dodging
 + Level 4.8 Shields


You had 5 spell levels left.
You didn't know any spells.

Dungeon Overview and Level Annotations

Branches:
Dungeon (4/15)
 Temple: D:4-7

Altars:


Innate Abilities, Weirdness & Mutations

You are resistant to torment.
Your stone body is resilient (AC +4).
You are immune to poison.
You resist negative energy.
You are resistant to electric shocks.
You can survive without breathing.
You are immune to petrification.
You are immune to rotting.


Message History

You are feeling hungry.
You continue eating. x2
You see here 3 tomahawks.
Found a war axe.
An ogre comes into view. It is wielding a giant club.
The ogre shouts!
An ogre is nearby!
The ogre hits you with a giant club!
You see here a war axe.
You barely miss the ogre. The ogre hits you with a giant club!
You slash the ogre!
The ogre is moderately wounded.
The ogre hits you but does no damage.
You hit the ogre.
The ogre is moderately wounded.
The ogre barely misses you.
You hit the ogre.
The ogre is moderately wounded.
The ogre hits you but does no damage. The ogre hits you with a giant club!!
You die...

### ...
#$# #.#
#O# #@#
#.#
#.######
#.##...
#.##.#
#....#
###..#
#(.#
#..#


You could see an ogre.

Vanquished Creatures
  A jelly (D:1)
  Jessica (D:2)
  A gnoll (D:1)
  4 adders
  8 oozes
  6 worms
  An orc (D:3)
  2 ball pythons
  7 hobgoblins
  6 jackals (D:1)
  8 kobolds
  13 bats
  5 giant cockroaches
  3 giant geckos
  4 giant newts
  8 goblins
  9 rats
87 creatures vanquished.

Notes
Turn   | Place    | Note
--------------------------------------------------------------
     0 | D:1      | MrTails the Gargoyle Fighter began the quest for the Orb.
     0 | D:1      | Reached XP level 1. HP: 14/14 MP: 1/1
     0 | D:1      | Noticed a jelly
     1 | D:1      | Found a runed door.
    65 | D:1      | Reached XP level 2. HP: 17/19 MP: 2/2
    73 | D:1      | Killed a jelly
    73 | D:1      | Reached skill level 4 in Shields
    73 | D:1      | Reached XP level 3. HP: 13/24 MP: 3/3
    81 | D:1      | Reached XP level 4. HP: 16/29 MP: 4/4
   903 | D:2      | Reached XP level 5. HP: 33/33 MP: 5/5
  1123 | D:2      | Noticed Jessica
  1139 | D:2      | Killed Jessica
  2007 | D:3      | Reached XP level 6. HP: 39/39 MP: 6/6
  2519 | D:4      | Slain by an ogre

Action                   |  1- 3 |  4- 6 || total
-------------------------+-------+-------++-------
Melee: War axe           |    38 |   258 ||   296
  Use: Scroll            |       |     6 ||     6
  Eat: Chunk             |       |     5 ||     5
